 Dungeon Crawl Stone Soup version 0.17-a0-1763-g847a857 (webtiles) character file.

7 Gorice the Magician (level 1, 0/13 HPs)
             Began as a Vampire Wanderer on Sept 4, 2015.
             Slain by a hobgoblin (1 damage)
             ... on level 1 of the Dungeon.
             The game lasted 00:02:12 (528 turns).

Gorice the Magician (Vampire Wanderer)               Turns: 528, Time: 00:02:12

Health: 0/13       AC:  3    Str:  8    XL:     1   Next: 83%
Magic:  5/5        EV: 10    Int: 13    God:
Gold:   19         SH:  0    Dex: 17    Spells: 2 memorised, 6 levels left

rFire  . . .     SeeInvis +     a - +0 dagger
rCold  . . .     Clarity  .     h - +0 leather armour
rNeg   + . .     SustAt   .     (no shield)
rPois  .         Gourm    .     (no helmet)
rElec  .         Spirit   .     (no cloak)
rCorr  .         Warding  .     (no gloves)
rMut   .         Stasis   .     (no boots)
MR     .....                    (no amulet)
Stlth  ++........               (no ring)
                                (no ring)

@: not resistant to hostile enchantments, unstealthy
A: fangs 3, see invisible, unbreathing
a: no special abilities


You were on level 1 of the Dungeon.
You were not thirsty.

You visited 1 branch of the dungeon, and saw 1 of its levels.

You collected 19 gold pieces.

Inventory:

Hand weapons
 a - a +0 dagger (weapon)
Armour
 d - a +0 robe
 h - a +0 leather armour (worn)
Scrolls
 i - a scroll of identify {unknown}
Potions
 f - 2 potions of blood
 g - 2 potions of curing {unknown}
Books
 b - the Tome of Black Arts

   Spells                             Type                      Level
   a - Pain                           Necromancy                   1
   b - Regeneration                   Charms/Necromancy            3
 c - Donigaoc's Volume of the Compass

   Spells                             Type                      Level
   a - Apportation                    Translocation                1
   b - Recall                         Summoning/Translocation      3
 e - a book of Minor Magic


   Skills:
 - Level 1.5 Stealth
 - Level 4.0 Spellcasting
 * Level 1.6 Necromancy
 - Level 1.5 Translocations
   Level 2.0 Air Magic
   Level 1.0 Evocations


You had 6 spell levels left.
You knew the following spells:

 Your Spells              Type           Power        Failure   Level  Hunger
a - Pain                  Necr           #...         17%         1    None
A - Apportation           Tloc           #.........   17%         1    None


Dungeon Overview and Level Annotations

Branches:
Dungeon (1/15)

Altars:


Innate Abilities, Weirdness & Mutations

You have razor-sharp teeth.
You have supernaturally acute eyesight.
You can survive without breathing.


Message History

The ball python bites you. The ball python constricts you.
Damage: 2 (max 2)
You hit the ball python.
You kill the ball python!
You see here a leather armour.
h - a leather armour Wear which item? (? for menu, Esc to quit)
You start removing your armour.
You continue taking off your +0 robe.
You continue taking off your +0 robe. x3
You finish taking off your +0 robe.
You start putting on your armour.
You continue putting on your leather armour. x5
You finish putting on your +0 leather armour.
i - a scroll labeled OTSU NAIMU A giant gecko comes into view.
Found a ring mail.
The giant gecko bites you.
Damage: 2 (max 2)
You closely miss the giant gecko. The giant gecko barely misses you.
You hit the giant gecko.
The giant gecko is heavily wounded.
The giant gecko closely misses you. The giant gecko bites you.
Damage: 2 (max 2)
You hit the giant gecko.
You kill the giant gecko!
No target in view!
No target in view!
No target in view!
You see here a giant gecko corpse.
You bottle the corpse's blood.
f - 2 potions of blood (gained 1)
You see here a ring mail.
Found a meat ration.
A hobgoblin comes into view.
Found a beef jerky.
The hobgoblin shouts!
A rat comes into view.
You hit the hobgoblin but do no damage. The hobgoblin hits you.
Damage: 3 (max 3)
You closely miss the hobgoblin. The hobgoblin barely misses you.
You closely miss the rat. The rat closely misses you.
The hobgoblin barely misses you.
You closely miss the rat. The rat barely misses you. The hobgoblin hits you.
Damage: 1 (max 3)
You hit the rat.
The rat is moderately wounded.
The rat bites you.
* * * LOW HITPOINT WARNING * * *
The hobgoblin hits you.
You die...

#
###.##.#........##.
#.##.#.######....
#.##.#.# #####
##.####.##.#.#
#.......##.#.######
#.%###..##........#
#%...........####.#
...####..###..# #.#
# #@.# #..# #.# ##
#rg...#..# #.####.
#......... #......
#.....#### ######.
#.....# ## #.....#
# ###..## ..#


You could see a hobgoblin and a rat.

Vanquished Creatures
  2 giant geckos (D:1)
  A ball python (D:1)
  2 rats (D:1)
5 creatures vanquished.

Notes
Turn   | Place    | Note
--------------------------------------------------------------
     0 | D:1      | Gorice the Vampire Wanderer began the quest for the Orb.
     0 | D:1      | Gorice set off with: a book of Minor Magic, the Tome of Black Arts, Donigaoc's Volume of the Compass, a +0 robe, a +0 dagger, a potion of blood
     0 | D:1      | Reached XP level 1. HP: 13/13 MP: 5/5
     0 | D:1      | Identified the Tome of Black Arts
     0 | D:1      | Identified Donigaoc's Volume of the Compass
     2 | D:1      | Learned a level 1 spell: Pain
     4 | D:1      | Learned a level 1 spell: Apportation
    78 | D:1      | HP: 3/13 [giant gecko (1)]
   435 | D:1      | Reached skill level 1 in Necromancy
   528 | D:1      | HP: 1/13 [rat (3)]
   528 | D:1      | Slain by a hobgoblin

Vault maps used:
D:1:      eino_arrival_cavern_d

Action                   || total
-------------------------++-------
Melee: Dagger            ||    16
 Cast: Pain              ||     7
 Stab: Sleeping          ||     1

Table legend:
 A = Turns spent in this place as a percentage of turns spent in the entire game.
 B = Non-inter-level travel turns spent in this place as a percentage of non-inter-level travel turns spent in the entire game.
 C = Inter-level travel turns spent in this place as a percentage of turns spent in this place.
 D = Turns resting spent in this place as a percentage of non-inter-level travel turns spent in this place.
 E = Turns spent auto-exploring this place as a percentage of non-inter-level travel turns spent in this place.
 F = Non-inter-level travel turns spent in this place divided by the number of levels of this place that you've seen.
                   A       B       C       D       E      F
               +-------+-------+-------+-------+-------+----------------------
         Total | 100.0 | 100.0 |   0.0 |   3.9 |   8.7 | 103.0
       Dungeon | 100.0 | 100.0 |   0.0 |   3.9 |   8.7 | 103.0
               +-------+-------+-------+-------+-------+----------------------

Vault maps used:
D:1:      eino_arrival_cavern_d
